 Dungeon Crawl Stone Soup version 0.17-a0-1637-g5d65775 (webtiles) character file.

91 urechis the Magician (level 4, 0/24 HPs)
             Began as a Gargoyle Wizard on Aug 7, 2015.
             Slain by an orc
             ... wielding a +0 whip
              (1 damage)
             ... on level 3 of the Dungeon.
             The game lasted 00:04:30 (2093 turns).

urechis the Magician (Gargoyle Wizard)              Turns: 2093, Time: 00:04:32

Health: 0/24       AC:  5    Str: 11    XL:     4   Next: 57%
Magic:  6/10       EV: 11    Int: 19    God:
Gold:   156        SH:  0    Dex:  8    Spells: 1 memorised, 10 levels left

rFire  . . .     SeeInvis .     f - +0 spear
rCold  . . .     Clarity  .     a - +0 robe
rNeg   + . .     SustAt   .     (no shield)
rPois  ∞         Gourm    .     b - +0 hat
rElec  +         Spirit   .     (no cloak)
rCorr  .         Warding  .     (no gloves)
rMut   .         Stasis   .     (no boots)
MR     .....                    (no amulet)
Stlth  ++........               (no ring)
                                (no ring)

@: not resistant to hostile enchantments, unstealthy
A: negative energy resistance 1, electricity resistance, unbreathing,
petrification resistance, rot immunity, AC +3
a: no special abilities


You were on level 3 of the Dungeon.
You were hungry.

You visited 1 branch of the dungeon, and saw 3 of its levels.

You collected 156 gold pieces.

Inventory:

Hand weapons
 f - a +0 spear (weapon)
Armour
 a - a +0 robe (worn)
 b - a +0 hat (worn)
Magical devices
 r - a wand of lightning (7)
Scrolls
 e - a scroll of recharging {unknown}
 g - a scroll of magic mapping {unknown}
 h - 2 scrolls of identify {unknown}
 i - 2 scrolls of remove curse {unknown}
 l - 2 scrolls of immolation {unknown}
 o - a scroll of amnesia {unknown}
 s - a scroll of enchant armour {unknown}
Potions
 j - a potion of flight {unknown}
 k - a potion of resistance {unknown}
 n - 2 potions of heal wounds {unknown}
 p - a potion of agility {unknown}
 q - a potion of curing {unknown}
Books
 c - a book of Minor Magic

   Spells                             Type                      Level
   a - Magic Dart                     Conjuration                  1
   b - Blink                          Translocation                2
   c - Call Imp                       Summoning                    2
   d - Repel Missiles                 Charms/Air                   2
   e - Slow                           Hexes                        2
   f - Conjure Flame                  Conjuration/Fire             3
   g - Mephitic Cloud                 Conjuration/Poison/Air       3
Comestibles
 d - 3 bread rations
 m - a meat ration


   Skills:
 - Level 1.5 Dodging
 - Level 2.1 Stealth
 + Level 4.1 Spellcasting
 + Level 3.2 Conjurations
   Level 0.8 Summonings
   Level 0.8 Translocations


You had 10 spell levels left.
You knew the following spells:

 Your Spells              Type           Power        Failure   Level  Hunger
a - Magic Dart            Conj           ###.         4%          1    None


Dungeon Overview and Level Annotations

Branches:
Dungeon (3/15)

Altars:
Okawaru


Innate Abilities, Weirdness & Mutations

You are resistant to torment.
Your stone body is resilient (AC +3).
You are immune to poison.
You resist negative energy.
You are resistant to electric shocks.
You can survive without breathing.
You are immune to petrification.
You are immune to rotting.


Message History

The orc wizard miscasts a cantrip.
You barely miss the orc wizard.
The orc wizard is heavily wounded.
You hit the orc wizard.
The orc wizard is severely wounded.
The orc wizard points at you and mumbles some strange words.
The puff of flame hits you! The orc hits you with a whip.
You hit the orc wizard.
The orc wizard is almost dead.
The orc wizard closely misses you. The orc hits you but does no damage.
You closely miss the orc wizard.
The orc wizard is almost dead.
The orc wizard barely misses you. The orc closely misses you.
You barely miss the orc wizard.
The orc wizard is almost dead.
The orc wizard gestures at you while chanting.
The puff of flame hits you!
* * * LOW HITPOINT WARNING * * *
The orc hits you with a whip.
You die...

..#.....##..## ##.<..
....#######..# #####..#..
... ##.##......####
############ ##..#.#####
...........# #.....#
..#...#...### #.##.##
............#### #.##.##
..#...#...#....####.##..#
...........###..@o#.###.#
#################o#.# #.#
#.....o..o....###.#
##............<.##.#
#....o..........##.##
#...............##".#
........(...........#
...............###..#
...............# #.....


You could see an orc wizard and an orc.

Vanquished Creatures
  A hound skeleton (D:3)
  3 adders
  A worm (D:2)
  A giant gecko (D:1)
  2 orcs (D:3)
  3 giant cockroaches
  5 goblins
  3 hobgoblins
  A ball python (D:1)
  10 bats
  3 giant newts
  9 kobolds
  7 rats
49 creatures vanquished.

Notes
Turn   | Place    | Note
--------------------------------------------------------------
     0 | D:1      | urechis the Gargoyle Wizard began the quest for the Orb.
     0 | D:1      | Reached XP level 1. HP: 10/10 MP: 4/4
   185 | D:1      | Reached XP level 2. HP: 15/15 MP: 3/6
  1266 | D:2      | Reached XP level 3. HP: 15/19 MP: 1/8
  1685 | D:2      | Reached XP level 4. HP: 24/24 MP: 4/9
  1948 | D:3      | Reached skill level 4 in Spellcasting
  2043 | D:3      | Found an iron altar of Okawaru.
  2093 | D:3      | HP: 1/24 [orc wizard/puff of flame (10)]
  2093 | D:3      | Slain by an orc

Vault maps used:
D:1:      arrival_zaba_pyramid, serial_park_tiny_1
D:2:      first_bread
D:3:      lemuel_coloured_pillars_altar, st_stairs_10, uniq_sigmund

Action                   |  1- 3 |  4- 6 || total
-------------------------+-------+-------++-------
Melee: Spear             |    22 |    39 ||    61
 Cast: Magic Dart        |    70 |    24 ||    94
 Stab: Sleeping          |       |     1 ||     1
  Eat: Chunk             |     2 |     1 ||     3
